 Dungeon Crawl Stone Soup version 0.25.0-41-g26779e291d (webtiles) character file.

Game seed: 2840019439205946397

576 Kold the Chopper (level 7, -2/48 HPs)
             Began as a Formicid Fighter on July 10, 2020.
             Was an Initiate of Okawaru.
             Slain by a gnoll
             ... wielding a +0 spear
              (11 damage)
             ... on level 6 of the Dungeon.
             The game lasted 00:08:11 (4624 turns).

Kold the Chopper (Formicid Fighter)                 Turns: 4624, Time: 00:08:12

Health: -2/48      AC:  5    Str: 23    XL:     7   Next: 62%
Magic:  7/7        EV:  9    Int:  7    God:    Okawaru [......]
Gold:   290        SH:  5    Dex: 10    Spells: 6/6 levels left

rFire    + . .     SeeInvis +   g - +2 hand axe (flame)
rCold    + + .     Gourm    .   y - +0 buckler {rC+}
rNeg     . . .     Faith    .   b - +0 scale mail
rPois    .         Spirit   .   (helmet unavailable)
rElec    .         Reflect  .   (no cloak)
rCorr    .         Harm     .   (no gloves)
MR       .....                  z - +0 pair of boots
Stlth    ..........             j - amulet of magic regeneration
HPRegen  0.00/turn              x - ring of protection from cold
MPRegen  0.35/turn              (no ring)

@: no status effects
A: permanent stasis, dig shafts and tunnels, four strong arms, antennae 3,
talons 1, deformed body, fire resistance 1, frail 1, inhibited regeneration,
MP-powered wands
a: Dig, Shaft Self, Renounce Religion


You were on level 6 of the Dungeon.
You worshipped Okawaru.
Okawaru was noncommittal.
You were not hungry.

You visited 2 branches of the dungeon, and saw 7 of its levels.

You collected 290 gold pieces.

Inventory:

Hand Weapons
 a - a +0 war axe
 g - a +2 hand axe of flaming (weapon)
Armour
 b - a +0 scale mail (worn)
 c - a +0 kite shield
 y - a +0 buckler of cold resistance (worn)
 z - a +0 pair of boots (worn)
Jewellery
 j - an amulet of magic regeneration (around neck)
 x - a ring of protection from cold (left hand)
Wands
 l - a wand of paralysis (4)
Scrolls
 e - 7 scrolls of identify
 h - 2 scrolls of noise
 p - 2 scrolls of remove curse
 q - 2 scrolls of random uselessness
 r - 3 scrolls of teleportation
 s - a scroll of blinking
 t - a scroll of enchant weapon
 v - 3 scrolls of immolation
Potions
 d - a potion of might
 i - a potion of stabbing {unknown}
 k - a potion of flight {unknown}
 m - 2 potions of heal wounds {unknown}
 n - a potion of curing {unknown}
 o - a potion of lignification {unknown}
 w - a potion of cancellation {unknown}
Comestibles
 f - 8 rations


   Skills:
 - Level 4.0 Fighting
 * Level 6.3 Axes
 - Level 3.2 Armour
 + Level 6.2 Shields


You had 6 spell levels left.
You didn't know any spells.
Your spell library was empty.

Dungeon Overview and Level Annotations

Branches:
Dungeon (6/15)             Temple (1/1) D:4

Altars:
Ashenzari
Cheibriados
Dithmenos
Elyvilon
Fedhas
Gozag
Hepliaklqana
Kikubaaqudgha
Makhleb
Nemelex Xobeh
Okawaru
Qazlal
Ru
Sif Muna
Uskayaw
Vehumet
Wu Jian
Xom
Yredelemnul
Zin
The Shining One

Shops:
D:4 ==


Innate Abilities, Weirdness & Mutations

You cannot be hasted, slowed, berserked, paralysed or teleported.
You can dig through walls and to a lower floor.
Your four strong arms can wield two-handed weapons with a shield.
You have a pair of large antennae on your head. (SInv)
You have sharp toenails.
Armour fits poorly on your strangely shaped body.
Your flesh is heat resistant. (rF+)
You are frail. (-10% HP)
You do not regenerate when monsters are visible.
You expend magic power (3 MP) to strengthen your wands.


Message History

The gnoll hits you from afar with a +0 spear.
The gnoll completely misses you.
You hit the gnoll. You burn the gnoll.
The gnoll is moderately wounded.
The gnoll barely misses you. The gnoll hits you with a +0 spear!
You hit the gnoll. You burn the gnoll.
The gnoll is heavily wounded.
The gnoll hits you from afar with a +0 spear.
The gnoll hits you with a +0 spear.
* * * LOW HITPOINT WARNING * * *
You hit the gnoll but do no damage.
The gnoll is heavily wounded.
The gnoll closely misses you. The gnoll hits you but does no damage.
You slash the gnoll! You burn the gnoll.
You kill the gnoll!
Okawaru accepts your kill.
The gnoll hits you from afar with a +0 spear.
* * * LOW HITPOINT WARNING * * *
The gnoll hits you with a +0 spear!
You die...

#......######## *,*,*,,,,,
#.............# *,*,+,,,,,
#......#*#....# ****,***,,,,,
#......###....# *,,,,* *,,,,,
####))<....##....###*,**** *,,,,,
#..'...........#>..#*,,,* *,,,,,
#.##.......##..#.#.##,*** *,,,,,
#.##......)....#.)..#,******,,,,,
#.###....[.###.#@###....,,,,,,,,,
#..,#....#......g....###*,****,,,
###,#....#..#####.#..#*,,,,,**,,,
*,#........,,,,.#*.#,,,,,,,*,,*
*,#.........,,,.#,,#,,,,,,,*,,*
*,*,,,,,,,,,,,*.#,,,,,,_,,,,,**
*,*,,,,,,,,,,,,..,,*,,,,,,,*,*
*,***,,,,,*+*,,##,,*,,,,,,,*,**
*,* ***,,,,,*,,,,,,**,,,,,**,*,


You could see a gnoll.

Vanquished Creatures
  2 centaurs (D:5)
  A howler monkey (D:3)
  A crimson imp (D:5)
  An orc priest (D:6)
  A gnoll shaman (D:6)
  A centaur skeleton (D:4)
  A hound (D:5)
  A jelly (D:5)
  6 gnolls
  4 adders
  An ooze (D:1)
  3 worms
  2 dart slugs (D:1)
  5 leopard geckos
  5 orcs
  2 ball pythons (D:3)
  6 bats
  6 giant cockroaches
  10 goblins
  3 hobgoblins
  7 jackals
  2 quokkas
  4 frilled lizards
  9 kobolds
  6 rats
  A butterfly (D:4)
91 creatures vanquished.

Notes
Turn   | Place    | Note
-------+----------+-------------------------------------------
     0 | D:1      | Kold the Formicid Fighter began the quest for the Orb.
     0 | D:1      | Reached XP level 1. HP: 18/18 MP: 1/1
    79 | D:1      | Reached XP level 2. HP: 19/24 MP: 2/2
   308 | D:1      | Reached XP level 3. HP: 29/29 MP: 3/3
   902 | D:2      | Reached XP level 4. HP: 35/35 MP: 4/4
  1311 | D:3      | Reached XP level 5. HP: 38/42 MP: 5/5
  2260 | D:3      | Reached skill level 5 in Shields
  2260 | D:3      | Reached XP level 6. HP: 36/48 MP: 6/6
  2362 | D:4      | Gained mutation: Your magical capacity is low. (-10% MP)
                  | [potion of mutation]
  2362 | D:4      | Gained mutation: You do not regenerate when monsters are
                  | visible. [potion of mutation]
  2362 | D:4      | Gained mutation: You have sharp toenails. [potion of
                  | mutation]
  2362 | D:4      | Gained mutation: Your flesh is heat resistant. (rF+)
                  | [potion of mutation]
  2363 | D:4      | Lost mutation: Your magical capacity is low. (-10% MP)
                  | [potion of mutation]
  2363 | D:4      | Gained mutation: You are frail. (-10% HP) [potion of
                  | mutation]
  2363 | D:4      | Gained mutation: Armour fits poorly on your strangely
                  | shaped body. [potion of mutation]
  2363 | D:4      | Gained mutation: You expend magic power (3 MP) to
                  | strengthen your wands. [potion of mutation]
  2491 | D:4      | Found Ystothah's Jewellery Boutique.
  2521 | D:4      | Found a staircase to the Ecumenical Temple.
  2587 | Temple   | Entered the Ecumenical Temple
  2746 | Temple   | Became a worshipper of Warmaster Okawaru
  2850 | D:4      | Found Fediru Gaups's Jewellery Boutique.
  3219 | D:5      | Entered Level 5 of the Dungeon
  3271 | D:5      | Reached skill level 5 in Axes
  3457 | D:5      | Reached XP level 7. HP: 4/48 MP: 7/7
  4297 | D:5      | You fall into a shaft and drop 1 floor!
  4361 | D:6      | HP: 2/48 [orc priest/+0 dagger (5)]
  4624 | D:6      | Slain by a gnoll

Illustrated notes

Levels and vault maps discovered:
D:1:      psy_arrival_dodecagon, layout_basic, minmay_worlds_worst_comb
D:2:      layout_basic
D:3:      minmay_spotlight, layout_loops_ring
D:4:      layout_layer_cave, minmay_temple_entry_butterflies, serial_shops,
          shop, kennysheep_mini, first_ration
D:5:      minmay_clustersquares, layout_loops_corners, serial_park_tiny_2,
          minmay_ogre_servants
D:6:      layout_basic, old_standard_altar, gup_sewer_entry_pipe, serial_shops,
          shop, minmay_misc_feat_tower, minivault_23, lemuel_oklob_altar
Temple:   nicolae_temple_the_god_donut

Skill      XL: |  1  2  3  4  5  6  7 |
---------------+----------------------+-----
Shields        | 4 5 6 |  6.2
Axes           | 3 4 5 6 |  6.3
Fighting       | 4 |  4.0
Armour         | |  3.2

Action                   |  1- 3 |  4- 6 |  7- 9 || total
-------------------------+-------+-------+-------++-------
Melee: War axe           |    44 |       |       ||    44
       Hand axe          |    31 |   142 |    36 ||   209
       Kick              |       |     2 |       ||     2
 Abil: Shaft Self        |       |       |     1 ||     1
Evoke: Wand              |       |     1 |       ||     1
  Use: Potion            |       |     2 |       ||     2
       Scroll            |       |     1 |     9 ||    10
 Stab: Paralysed         |       |     3 |       ||     3
  Eat: Chunk             |       |     5 |     2 ||     7
       Ration            |       |     1 |     1 ||     2
Armor: Scale mail        |    33 |    48 |     8 ||    89
Dodge: Dodged            |    30 |    50 |    15 ||    95
Block: Kite shield       |    20 |       |       ||    20
       Buckler           |     5 |    23 |     3 ||    31
